 Dungeon Crawl Stone Soup version 0.31-a0-431-g88bdf31460 (webtiles) character file.

Game seed: 18216956273601411366

94 shadowstone the Shooter (level 4, -2/30 HPs)
             Began as an Octopode Hunter on July 31, 2023.
             Slain by an orc wizard
             ... wielding a +0 dagger
              (4 damage)
             ... on level 4 of the Dungeon.
             The game lasted 00:03:49 (1585 turns).

shadowstone the Shooter (Octopode Hunter)           Turns: 1585, Time: 00:03:51

Health: -2/30      AC:  1    Str: 10    XL:     4   Next: 63%
Magic:  4/4        EV: 18    Int: 11    God:
Gold:   45         SH:  0    Dex: 17    Spells: 3/3 levels left

rFire   . . .        a - +0 shortbow
rCold   . . .        (shield currently unavailable)
rNeg    . . .        (helmet restricted)
rPois   .            (no amulet)
rElec   .            k - +5 ring of evasion
rCorr   .            (no ring)
SInv    .            (no ring)
Will    .....        (no ring)
Stlth   +++          (no ring)
HPRegen 0.25/turn    (no ring)
MPRegen 0.09/turn    (no ring)
                     (no ring)

%: no passive effects
@: no status effects
A: almost no armour, amphibious, 8 rings, camouflage 1, gelatinous body 1,
(nimble swimmer 1), tentacles
a: no special abilities


You were on level 4 of the Dungeon.
You visited 1 branch of the dungeon, and saw 3 of its levels.

You collected 45 gold pieces.

Inventory:

Hand Weapons
 a - a +0 shortbow (weapon)
Missiles
 e - 10 poisoned darts
Armour
 i - a +0 helmet
Jewellery
 k - a +5 ring of evasion (left tentacle)
 m - a ring of see invisible
Scrolls
 b - a scroll of butterflies
 d - a scroll of brand weapon {unknown}
 f - a scroll of noise {unknown}
 g - 2 scrolls of teleportation {unknown}
 j - a scroll of immolation {unknown}
 l - a scroll of fear {unknown}
Potions
 c - a potion of attraction {unknown}
 h - a potion of curing {unknown}


   Skills:
 + Level 2.5 Fighting
 + Level 5.5 Ranged Weapons
 + Level 2.2 Dodging
 + Level 1.4 Stealth


You had 3 spell levels left.
You didn't know any spells.
Your spell library contained the following spells:

 Spells                   Type           Power      Damage    Failure   Level
 Sublimation of Blood     Necr           0%         N/A       47%         2
 Wereblood                Tmut           0%         N/A       47%         2
 Stone Arrow              Conj/Erth      0%         3d7       71%         3
 Petrify                  Tmut/Erth      0%         N/A       98%         4
 Lee's Rapid Deconstruct  Erth           0%         3d4*      100%        5
 Summon Hydra             Summ           0%         N/A       100%        7
 Animate Armour           Summ/Erth      Unusable   N/A       N/A         4

Dungeon Overview and Level Annotations

Branches:
Dungeon (4/15)
 Temple: D:4-7

Altars:

Annotations:
D:2 1 runed translucent door, Crazy Yiuf


Innate Abilities, Weirdness & Mutations

You cannot wear most types of armour.
You are amphibious.
You can wear up to eight rings at the same time.
Your skin changes colour to match your surroundings (Stealth+).
Your rubbery body absorbs attacks. (AC +1, EV +1)
((You are camouflaged when in or above water. (Stealth+)))
You have tentacles for arms and can constrict up to eight enemies at once.


Message History

You shoot an arrow. The arrow hits the orc wizard.
The orc wizard is moderately wounded.
The orc hits you with a +0 dagger.
The orc wizard hits you with a +0 dagger.
You shoot an arrow.
The arrow hits the orc wizard but does no damage.
The orc wizard is moderately wounded.
The orc hits you with a +0 dagger.
The orc wizard points at you and mumbles some strange words.
The magic dart hits you.
You are too injured to fight recklessly!
You are too injured to fight recklessly!
You are too injured to fight recklessly!
You are too injured to fight recklessly!
You are too injured to fight recklessly!
You shoot an arrow. The arrow barely misses the orc.
The orc hits you with a +0 dagger.
* * * LOW HITPOINT WARNING * * *
The orc wizard closely misses you.
You shoot an arrow. The arrow hits the orc.
The orc is moderately wounded.
The orc hits you with a +0 dagger.
* * * LOW HITPOINT WARNING * * *
The orc wizard points at you and mumbles some strange words.
You are confused.
The orc barely misses you.
You closely miss the orc wizard.
The orc wizard is moderately wounded.
The orc misses you.
The orc wizard hits you with a +0 dagger.
* * * LOW HITPOINT WARNING * * *
The orc closely misses you. The orc wizard closely misses you.
The orc attacks as you move away! The orc barely misses you.
You closely miss the orc wizard. Your squeeze misses the orc wizard.
The orc wizard is moderately wounded.
You feel less confused. The orc hits you with a +0 dagger.
* * * LOW HITPOINT WARNING * * *
The orc wizard hits you with a +0 dagger.
You die...

### #.# ##.###### ##
##.......## ...
###.........# .#.#
####...........## .....
##@...........#..#
.#.#..##oo...........#..#
.......)..###...........#
.#.#.#)..## #..........##
....)...## #........### .
##...## #...>....## #...#
#.........# #..#
...###...## #... .##
#...#


You could see an orc wizard and an orc.

Vanquished Creatures
  3 adders (D:2)
  A worm (D:2)
  2 dart slugs (D:2)
  3 orcs (D:4)
  5 endoplasms
  4 giant cockroaches
  A goblin (D:1)
  8 hobgoblins
  6 kobolds
  3 quokkas
  4 ball pythons (D:1)
  7 bats
  3 frilled lizards
  3 rats (D:1)
53 creatures vanquished.

Notes
Turn   | Place    | Note
-------+----------+-------------------------------------------
     0 | D:1      | shadowstone the Octopode Hunter began the quest for the
                  | Orb.
     0 | D:1      | Reached XP level 1. HP: 14/14 MP: 1/1
   168 | D:1      | Reached XP level 2. HP: 19/19 MP: 2/2
   349 | D:1      | Reached XP level 3. HP: 23/24 MP: 3/3
   429 | D:2      | Reached skill level 5 in Ranged Weapons
   687 | D:2      | Reached XP level 4. HP: 30/30 MP: 4/4
  1000 | D:2      | Found a runed translucent door.
  1001 | D:2      | Noticed Crazy Yiuf
  1545 | D:2      | You fall into a shaft and drop 2 floors!
  1555 | D:4      | Got the Precepts of Topomancy
  1585 | D:4      | Slain by an orc wizard

Illustrated notes

Levels and vault maps discovered:
D:1:      lightli_arrival_farm, layout_rooms, nicolae_kite_square_tiling_tiny
D:2:      layout_loops_corners, minmay_circle_x, uniq_crazy_yiuf_cottage
D:4:      layout_layer_cave, nicolae_ossuary_entry_plus, serial_glass,
          glass_columns_b, glass_columns_a

Skill      XL: |  1  2  3 |
---------------+----------+-----
Ranged Weapons | 5 |  5.5
Fighting       | |  2.5
Dodging        | |  2.2
Stealth        | |  1.4

Action                     |  1- 3 |  4- 6 || total
---------------------------+-------+-------++-------
  Melee: Shortbow          |       |     2 ||     2
   Fire: Shortbow          |    95 |    53 ||   148
 Armour: Skin              |     3 |     3 ||     6
  Dodge: Dodged            |    32 |    16 ||    48

Table legend: (Time is in decaauts)
 A = Elapsed time spent in this place.
 B = Non-inter-level travel time spent in this place.
 C = Inter-level travel time spent in this place.
 D = Time resting spent in this place.
 E = Time spent auto-exploring this place.
 F = Levels seen in this place.
 G = Mean time per level.
                   A        B        C        D        E       F      G
               +--------+--------+--------+--------+--------+-----+--------+
         Total |   1607 |   1518 |     89 |    107 |    973 |   3 |  535.7 |
       Dungeon |   1607 |   1518 |     89 |    107 |    973 |   3 |  535.7 |
               +--------+--------+--------+--------+--------+-----+--------+

Top non-repeatable levels by time:
     D:2: 1147 daAuts
     D:1: 418 daAuts
     D:4: 42 daAuts
